 Dungeon Crawl Stone Soup version 0.17.1-3-g152610e (webtiles) character file.

45465 kaze the Fighter (level 14, -4/114 HPs)
             Began as a Demonspawn Berserker on Apr 12, 2016.
             Was a High Priest of Trog.
             Slain by an eight-headed hydra (10 damage)
             ... on level 3 of the Lair of Beasts.
             The game lasted 00:41:06 (15686 turns).

kaze the Fighter (Demonspawn Berserker)            Turns: 15686, Time: 00:41:06

Health: -4/114     AC: 26    Str: 22    XL:     14   Next: 1%
Magic:  15/15      EV: 14    Int: 19    God:    Trog [*****.]
Gold:   1591       SH:  9    Dex: 19    Spells: 0 memorised, 13 levels left

rFire  + . .     SeeInvis .     j - +7 falchion of Honginkee {slice, MR+ Int+3}
rCold  . . .     Clarity  +     J - +7 chain mail of the Kettle-Drum {rF+ MR++}
rNeg   . . .     SustAt   .     K - +2 buckler {reflect}
rPois  +         Gourm    .     U - +0 helmet {Int+3}
rElec  +         Spirit   .     A - +1 cloak
rCorr  .         Warding  .     (no gloves)
rMut   .         Stasis   .     G - +0 pair of boots
MR     ++++.                    F - amulet of regeneration
Stlth  ++........               B - +4 ring of intelligence
                                a - +4 ring of dexterity

@: exhausted, slowed, very slow, incredibly resistant to hostile enchantments,
unstealthy
A: hooves 2, iridescent scales 2, agile 1, blurry vision 1, clarity, deformed
body, high mp 1, nightstalker 2, poison resistance, powered by death 3,
screaming 1, electricity resistance, wild magic 1
a: Berserk, Trog's Hand, Brothers in Arms, Burn Spellbooks, Renounce Religion


You were on level 3 of the Lair of Beasts.
You worshipped Trog.
Trog was extremely pleased with you.
You were near starving.

You visited 2 branches of the dungeon, and saw 18 of its levels.
You also visited: Bailey.

You collected 1591 gold pieces.

Inventory:

Hand Weapons
 b - the +5 long sword "Cemoamem" {elec, rElec MR+ Dex+4}
   (You found it on level 4 of the Dungeon)

   Occasionally, upon striking a foe, it will discharge some electrical energy
   and cause terrible harm.
   It affects your dexterity (+4).
   It insulates you from electricity.
   It affects your resistance to hostile enchantments.
 e - a +4 flail of protection
 j - the +7 falchion of Honginkee (weapon) {slice, MR+ Int+3}
   (You found it on level 14 of the Dungeon)

   It inflicts extra damage upon your enemies.
   It affects your intelligence (+3).
   It affects your resistance to hostile enchantments.
 M - a +1 executioner's axe of freezing
Missiles
 H - 22 tomahawks (quivered)
Armour
 A - a +1 cloak (worn)
 G - a +0 pair of boots (worn)
 J - the +7 chain mail of the Kettle-Drum (worn) {rF+ MR++}
   (You found it on level 11 of the Dungeon)

   It protects you from fire.
   It affects your resistance to hostile enchantments.
 K - a +2 buckler of reflection (worn)
 U - a +0 helmet of intelligence (worn)
Jewellery
 a - a +4 ring of dexterity (left hand)
 w - an uncursed amulet of resist corrosion {unknown}
 B - a +4 ring of intelligence (right hand)
 F - an amulet of regeneration (around neck)
 N - an uncursed amulet of stasis {unknown}
 T - an uncursed ring of protection from magic {unknown}
Wands
 r - a wand of digging (12)
 t - a wand of paralysis (16)
 x - a wand of confusion (23)
 y - a wand of frost (21)
 E - a wand of fireball (3)
 I - a wand of lightning (5)
 L - a wand of frost (20)
Scrolls
 h - a scroll of blinking
 n - 11 scrolls of remove curse
 p - 4 scrolls of recharging
 s - 3 scrolls of noise
 v - 8 scrolls of teleportation
 D - 2 scrolls of magic mapping
 P - a scroll of acquirement {unknown}
 Q - 2 scrolls of fog
 R - a scroll of vulnerability {unknown}
Potions
 f - a potion of might
 g - 2 potions of invisibility
 i - a potion of lignification
 k - a potion of flight
 m - a potion of heal wounds
 o - 6 potions of haste
 q - 4 potions of curing
 C - a potion of agility {unknown}
 O - a potion of cure mutation {unknown}
Comestibles
 c - 10 fruits
 d - 9 meat rations
 l - 3 slices of pizza
 u - 2 beef jerkies
 z - 6 bread rations
 S - 6 chunks of flesh


   Skills:
 + Level 11.8 Fighting
 + Level 11.5 Long Blades
 + Level 3.1(4.1) Axes
 + Level 3.9(4.5) Maces & Flails
 + Level 1.9 Throwing
 + Level 10.8 Armour
 + Level 8.0 Dodging
 + Level 3.2 Stealth
 + Level 7.9 Shields


You had 13 spell levels left.
You didn't know any spells.

Dungeon Overview and Level Annotations

Branches:
Dungeon (15/15)            Temple (0/1) D:7            Lair (3/8) D:11
    Orc (0/4) D:9          Vaults (0/5) D:14         Depths (0/5) D:15
  Swamp: Lair:3-6    Shoals: Lair:3-6     Snake: Lair:3-6    Spider: Lair:3-6

Altars:
Ashenzari
Dithmenos
Gozag
Nemelex Xobeh
Qazlal
Sif Muna
Trog

Shops:
D:4 (   D:7 [   D:9 (   D:12 :   D:13 *

Portals:
Trove: D:10 (show slimy rune of Zot)

Annotations:
D:6 1 runed door


Innate Abilities, Weirdness & Mutations

You have hoof-like feet.
You are mostly covered in iridescent scales (AC +6).
You are significantly more attuned to the shadows.
You regenerate a lot of health from kills.
You are agile. (Dex +2)
Scrolls take you a little longer to read.
You possess an exceptional clarity of mind.
Armour fits poorly on your strangely shaped body.
You have an increased reservoir of magic (+10% MP).
Your system is resistant to poisons.
You occasionally shout uncontrollably at your foes.
You are resistant to electric shocks.
Your spells are a little harder to cast, but a little more powerful.


Message History

The 19-headed hydra bites you but does no damage.
The 19-headed hydra barely misses you.
The 19-headed hydra bites you but does no damage. x2
The 19-headed hydra closely misses you. x2
The 19-headed hydra bites you but does no damage.
The 19-headed hydra closely misses you.
The 19-headed hydra bites you but does no damage. x3
You block the 19-headed hydra's attack. You block the wolf's attack.
The wolf bites you.
* * * LOW HITPOINT WARNING * * *
The wolf misses you. The wolf bites you.
* * * LOW HITPOINT WARNING * * *
You block the wolf's attack.
Unknown command.
You block the wolf's attack. The wolf closely misses you.
The wolf closely misses you.
You block the eight-headed hydra's attack.
The eight-headed hydra bites you!
You die...

........P..####..###PP..+....
.P.......P...........P........
#..............................
...#.#..........................
................................
##P.P#..##.#.....##..##.##..P.#.
......#?###.#.hD.P..............
......h.# ##.hDh.........#.....#
......#..# ##.h@.............###
........## #............#....#
........# #................P#
......P..# #.....#............#
#####.#.......)....##........##
.........................#
................###
...................
........#.....##...


You could see a 19-headed hydra, an eight-headed hydra and 4 wolves.

Vanquished Creatures
  A yaktaur captain (D:15)
  A rakshasa (D:13)
  Harold (Lair:2)
  2 hydras (Lair:1)
  2 centaur warriors
  The ghost of Tobisume the Spear-Bearer, a novice DsFi of Cheibriados (D:9)
  The ghost of sveltemanboy the Spear-Bearer, a novice DsMo of Ashenzari (D:10)
  2 iron golems (D:12)
  4 skeletal warriors (D:14)
  5 hill giants
  Pikel (D:5)
  An unseen horror (D:11)
  16 ugly things (D:15)
  A griffon (D:15)
  2 necromancers (D:14)
  A manticore (D:14)
  A cyclops (D:12)
  3 gargoyles
  A yaktaur (D:15)
  A kobold demonologist (D:15)
  A spiny frog (Lair:3)
  A fire drake (Lair:3)
  5 komodo dragons
  Grinder (D:3)
  5 two-headed ogres
  2 trolls
  5 slime creatures (D:14)
  A hornet zombie (D:15)
  4 blink frogs (Lair:2)
  A vampire (D:13)
  A spriggan (D:7)
  19 yaks
  A trapdoor spider (D:15)
  3 deep elf magi
  A basilisk (Lair:3)
  3 wyverns
  7 hippogriffs
  3 hungry ghosts
  Menkaure (D:4)
  6 wolves (Lair:2)
  Edmund (D:6)
  3 vampire mosquitoes
  4 porcupines
  Duvessa (D:5)
  4 black bears
  5 eyes of draining
  2 ice beasts
  5 water moccasins
  2 wasps
  4 boggarts (D:14)
  5 orc warriors
  4 sky beasts
  A slave (D:5)
  A phantom (D:7)
  A necrophage (D:14)
  3 ogres
  11 centaurs
  2 crocodiles
  4 big kobolds
  Dowan (D:5)
  18 giant frogs
  2 scorpions
  An electric eel (D:12)
  11 killer bees (D:8)
  2 quasits
  7 crimson imps
  12 orc priests
  4 centaur zombies
  3 giant frog zombies
  3 centaur skeletons
  6 hounds
  16 worker ants
  5 jellies
  9 orc wizards
  10 iguanas
  2 giant frog skeletons
  2 killer bee zombies
  2 worker ant zombies
  10 adders
  A gnoll (D:9)
  4 shadow imps
  3 oozes
  4 worms
  An adder skeleton (D:6)
  An adder zombie (D:5)
  4 giant geckos
  45 orcs
  6 hobgoblins
  A quokka (D:6)
  2 ball pythons
  9 bats
  7 giant cockroaches
  A giant cockroach zombie (D:6)
  A giant gecko skeleton (D:4)
  8 giant newts
  11 goblins
  14 jackals
  A jackal zombie (D:5)
  23 kobolds
  6 rats
  A plant (Lair:3)
462 creatures vanquished.

Vanquished Creatures (collateral kills)
  2 iron golems
2 creatures vanquished.

Vanquished Creatures (others)
  A centaur (D:9)
  A fungus (Lair:3)
2 creatures vanquished.

Grand Total: 466 creatures vanquished

Notes
Turn   | Place    | Note
--------------------------------------------------------------
     0 | D:1      | kaze the Demonspawn Berserker began the quest for the Orb.
     0 | D:1      | Reached XP level 1. HP: 18/18 MP: 1/1
   272 | D:1      | Gained mutation: You are partially covered in iridescent scales (AC +4). [demonic ancestry]
   272 | D:1      | Reached XP level 2. HP: 17/24 MP: 2/2
   419 | D:1      | Reached ** piety under Trog
   513 | D:1      | Gained mutation: You are slightly more attuned to the shadows. [demonic ancestry]
   513 | D:1      | Reached XP level 3. HP: 29/29 MP: 3/3
  1075 | D:2      | Gained mutation: You are mostly covered in iridescent scales (AC +6). [demonic ancestry]
  1075 | D:2      | Reached XP level 4. HP: 18/35 MP: 4/4
  1388 | D:3      | Noticed Grinder
  1397 | D:3      | Killed Grinder
  1397 | D:3      | Reached skill level 4 in Fighting
  1397 | D:3      | Reached skill level 1 in Maces & Flails
  1397 | D:3      | Reached skill level 1 in Stealth
  1397 | D:3      | Gained mutation: You have large cloven feet. [demonic ancestry]
  1397 | D:3      | Reached XP level 5. HP: 42/42 MP: 5/5
  1397 | D:3      | Gained mutation: You regenerate a little health from kills. [demonic ancestry]
  1397 | D:3      | Reached XP level 6. HP: 48/48 MP: 6/6
  1603 | D:3      | Found a stormy altar of Qazlal.
  1623 | D:3      | Reached *** piety under Trog
  2243 | D:4      | Found Nejonn's Weapon Emporium.
  2250 | D:4      | Got a warped long sword
  2252 | D:4      | Identified the +5 long sword "Cemoamem" {elec, rElec MR+ Dex+4} (You found it on level 4 of the Dungeon)
  2292 | D:4      | Noticed Menkaure
  2297 | D:4      | Killed Menkaure
  2663 | D:4      | Found a shattered altar of Ashenzari.
  2902 | D:5      | Entered Level 5 of the Dungeon
  2979 | D:5      | Found a sparkling altar of Nemelex Xobeh.
  2981 | D:5      | Noticed Pikel
  2994 | D:5      | Killed Pikel
  2994 | D:5      | Reached skill level 5 in Fighting
  2994 | D:5      | Reached skill level 1 in Long Blades
  2994 | D:5      | Reached XP level 7. HP: 32/56 MP: 7/7
  3045 | D:5      | Noticed Dowan
  3047 | D:5      | Noticed Duvessa
  3058 | D:5      | Killed Duvessa
  3058 | D:5      | Gained mutation: You regenerate health from kills. [demonic ancestry]
  3058 | D:5      | Reached XP level 8. HP: 42/62 MP: 8/8
  3067 | D:5      | Killed Dowan
  3067 | D:5      | Reached skill level 5 in Dodging
  3244 | D:5      | Noticed a deep elf mage
  3250 | D:5      | Killed a deep elf mage
  3528 | D:6      | Paralysed by a wasp for 2 turns
  3609 | D:6      | Noticed Edmund
  3619 | D:6      | Killed Edmund
  3619 | D:6      | Reached skill level 5 in Armour
  3831 | D:6      | Reached **** piety under Trog
  3831 | D:6      | Reached XP level 9. HP: 69/69 MP: 9/9
  3946 | D:6      | Found a runed door.
  3964 | D:6      | Reached skill level 6 in Fighting
  3981 | D:6      | Found a runed door.
  4288 | D:7      | Found a flagged portal.
  4294 | Bailey   | Entered a bailey
  4295 | Bailey   | Noticed an orc knight
  4348 | D:7      | Reached skill level 1 in Throwing
  4383 | D:7      | Found Xiadang's Antique Armour Boutique.
  4523 | D:7      | Gained mutation: You regenerate slowly when monsters are visible. [mutagenic meat]
  4524 | D:7      | Gained mutation: Your muscles are strong. (Str +2) [mutagenic meat]
  4525 | D:7      | Gained mutation: You can translocate small distances at will. [mutagenic meat]
  4526 | D:7      | Gained mutation: Armour fits poorly on your strangely shaped body. [mutagenic meat]
  4527 | D:7      | Gained mutation: You are clumsy. (Dex -2) [mutagenic meat]
  4528 | D:7      | Gained mutation: Your spells are a little harder to cast, but a little more powerful. [mutagenic meat]
  4587 | D:7      | Reached ***** piety under Trog
  4640 | D:7      | Lost mutation: Your muscles are strong. (Str +2) [mutagenic meat]
  4641 | D:7      | Gained mutation: You possess an exceptional clarity of mind. [mutagenic meat]
  4642 | D:7      | Gained mutation: Your body sometimes deteriorates upon taking damage. [mutagenic meat]
  4643 | D:7      | Gained mutation: You are frail (-10% HP). [mutagenic meat]
  4644 | D:7      | Gained mutation: You expend magic power (3 MP) to strengthen your wands. [mutagenic meat]
  4780 | D:7      | Reached skill level 5 in Long Blades
  4888 | D:7      | Found a staircase to the Ecumenical Temple.
  4949 | D:7      | Found a deep blue altar of Sif Muna.
  5159 | D:7      | Reached skill level 7 in Fighting
  5344 | D:8      | Reached XP level 10. HP: 44/71 MP: 10/10
  5643 | D:8      | Received a gift from Trog
  6253 | D:9      | Reached skill level 1 in Shields
  6256 | D:9      | Reached skill level 8 in Fighting
  6306 | D:9      | Found Peryal's Weapon Boutique.
  6474 | D:9      | Noticed Tobisume's ghost (novice DsFi)
  6485 | D:9      | Killed Tobisume's ghost
  6901 | D:9      | Found a staircase to the Orcish Mines.
  7044 | D:9      | Found a bloodstained altar of Trog.
  7191 | D:9      | Gained mutation: You are significantly more attuned to the shadows. [demonic ancestry]
  7191 | D:9      | Reached XP level 11. HP: 78/78 MP: 11/11
  7262 | D:10     | Entered Level 10 of the Dungeon
  7748 | D:10     | Found a portal to a secret trove of treasure.
  7770 | D:10     | Noticed sveltemanboy's ghost (novice DsMo)
  7791 | D:10     | Killed sveltemanboy's ghost
  7898 | D:10     | Lost mutation: You are frail (-10% HP). [mutagenic meat]
  7900 | D:10     | Gained mutation: Your muscles are strong. (Str +2) [mutagenic meat]
  7901 | D:10     | Gained mutation: You have an increased reservoir of magic (+10% MP). [mutagenic meat]
  7902 | D:10     | Lost mutation: You regenerate slowly when monsters are visible. [mutagenic meat]
  8002 | D:10     | Noticed a hill giant
  8011 | D:10     | Killed a hill giant
  8031 | D:10     | Lost mutation: You are clumsy. (Dex -2) [mutagenic meat]
  8032 | D:10     | Gained mutation: You are resistant to electric shocks. [mutagenic meat]
  8033 | D:10     | Gained mutation: You are dopey. (Int -2) [mutagenic meat]
  8226 | D:10     | Reached skill level 9 in Fighting
  8419 | D:11     | Noticed a hill giant
  8424 | D:11     | Killed a hill giant
  8566 | D:11     | Killed an unseen horror
  8679 | D:11     | Found a staircase to the Lair.
  8862 | D:11     | Got a warped chain mail
  8873 | D:11     | Identified the +7 chain mail of the Kettle-Drum {rF+ MR++} (You found it on level 11 of the Dungeon)
  9275 | D:12     | Found Zeggoq's Book Shop.
  9275 | D:12     | Noticed a centaur warrior
  9377 | D:12     | Noticed an iron golem
  9377 | D:12     | Noticed an iron golem
  9388 | D:12     | Killed an iron golem
  9389 | D:12     | Noticed an iron golem
  9395 | D:12     | Noticed an iron golem
  9803 | D:12     | Killed an iron golem
  9823 | D:12     | Killed an iron golem
  9859 | D:11     | Killed an iron golem
 10308 | D:12     | Noticed a hill giant
 10310 | D:12     | Gained mutation: You have hoof-like feet. [demonic ancestry]
 10310 | D:12     | Reached XP level 12. HP: 88/97 MP: 13/13
 10318 | D:12     | Killed a hill giant
 10419 | D:12     | Noticed a hill giant
 10425 | D:12     | Killed a centaur warrior
 10428 | D:12     | Killed a hill giant
 10428 | D:12     | Reached skill level 10 in Fighting
 10506 | D:12     | Reached skill level 5 in Shields
 10854 | D:13     | Noticed a rakshasa
 10866 | D:13     | Killed a rakshasa
 11054 | D:13     | Found Nyulolof's Blood Bar.
 11063 | D:13     | Received a gift from Trog
 12126 | D:14     | Found an opulent altar of Gozag.
 12147 | D:14     | Reached skill level 10 in Long Blades
 12187 | D:14     | Found a gate to the Vaults.
 12197 | D:14     | Got a bloodstained falchion
 12198 | D:14     | Identified the +7 falchion of Honginkee {slice, MR+ Int+3} (You found it on level 14 of the Dungeon)
 12365 | D:14     | Reached skill level 10 in Armour
 12381 | D:14     | Reached XP level 13. HP: 105/105 MP: 14/14
 12727 | D:15     | Entered Level 15 of the Dungeon
 12837 | D:15     | Reached skill level 11 in Fighting
 12872 | D:15     | Gained mutation: You are clumsy. (Dex -2) [mutagenic meat]
 12874 | D:15     | Lost mutation: You are clumsy. (Dex -2) [mutagenic meat]
 12876 | D:15     | Lost mutation: You expend magic power (3 MP) to strengthen your wands. [mutagenic meat]
 12878 | D:15     | Lost mutation: You can translocate small distances at will. [mutagenic meat]
 12879 | D:15     | Lost mutation: You are dopey. (Int -2) [mutagenic meat]
 12880 | D:15     | Gained mutation: You expend magic power (3 MP) to strengthen your wands. [mutagenic meat]
 12881 | D:15     | Gained mutation: Scrolls take you a little longer to read. [mutagenic meat]
 12882 | D:15     | Lost mutation: You expend magic power (3 MP) to strengthen your wands. [mutagenic meat]
 12962 | D:15     | Gained mutation: You are agile. (Dex +2) [mutagenic meat]
 12964 | D:15     | Lost mutation: You are agile. (Dex +2) [mutagenic meat]
 12967 | D:15     | Gained mutation: You occasionally shout uncontrollably at your foes. [mutagenic meat]
 12968 | D:15     | Lost mutation: Your body sometimes deteriorates upon taking damage. [mutagenic meat]
 12994 | D:15     | Found a shadowy altar of Dithmenos.
 13218 | D:15     | Received a gift from Trog
 13349 | D:15     | Gained mutation: Your system is resistant to poisons. [mutagenic meat]
 13350 | D:15     | Lost mutation: Your muscles are strong. (Str +2) [mutagenic meat]
 13351 | D:15     | Gained mutation: You are agile. (Dex +2) [mutagenic meat]
 13627 | D:15     | Found a staircase to the Depths.
 13819 | Lair:1   | Entered Level 1 of the Lair of Beasts
 14393 | Lair:1   | Got a warped leather armour
 14404 | Lair:1   | Identified the +3 leather armour of Deneanurgh {Int+3} (You found it on level 1 of the Lair of Beasts)
 14792 | Lair:2   | Noticed Harold
 14814 | Lair:2   | Killed Harold
 15633 | Lair:3   | Gained mutation: You regenerate a lot of health from kills. [demonic ancestry]
 15633 | Lair:3   | Reached XP level 14. HP: 106/114 MP: 15/15
 15683 | Lair:3   | HP: 4/114 [wolf (3)]
 15686 | Lair:3   | Slain by an eight-headed hydra

Action                   |  1- 3 |  4- 6 |  7- 9 | 10-12 | 13-15 || total
-------------------------+-------+-------+-------+-------+-------++-------
Melee: Hand axe          |    74 |       |       |       |       ||    74
       Flail             |    63 |    59 |     5 |       |    10 ||   137
       Long sword        |       |    22 |   267 |   751 |       ||  1040
       Falchion          |       |       |       |    21 |   520 ||   541
Throw: Javelin           |       |       |     7 |       |       ||     7
       Tomahawk          |       |       |       |       |     4 ||     4
Invok: Berserk           |       |     3 |     1 |    16 |     6 ||    26
       Trog's Hand       |       |     1 |       |     9 |     1 ||    11
       Burn Spellbooks   |       |       |     1 |     2 |       ||     3
       Brothers in Arms  |       |       |       |     3 |       ||     3
Evoke: Wand              |       |       |       |     2 |       ||     2
  Use: Scroll            |       |       |    11 |    10 |     2 ||    23
       Potion            |       |       |       |    12 |     2 ||    14
 Stab: Sleeping          |     2 |     1 |     1 |     2 |     2 ||     8
       Distracted        |       |       |       |     2 |       ||     2
  Eat: Chunk             |     1 |       |    13 |    17 |    31 ||    62
       Bread ration      |       |     1 |     2 |    10 |       ||    13
       Meat ration       |       |     1 |       |     2 |       ||     3
       Fruit             |       |       |       |       |     1 ||     1
